[Event "The Schackveckan 2023: Chessweek Elo-tournaments Group 2"]
[Site "Göteborgs schackcentrum, Vegagatan 20, Gothenburg, Sweden"]
[Date "2023.08.10"]
[Round "6.1"]
[White "Yang, Mandi"]
[Black "Block, Benjamin"]
[Result "1-0"]
[TimeControl "90 minutes for 40 moves + 30 minutes for the rest of the game + 30 seconds per move from move one."]
[WhiteFideId "1774778"]
[BlackFideId "1765493"]
[WhiteElo "1457"]
[BlackElo "1679"]

1. e4 e5 2. Nf3 Nc6 3. c3 d5 4. Qa4 dxe4 5. Nxe5 Qd5 6. Nxc6 bxc6 7. Bc4 Qd7 8. O-O Nf6 9. d3 exd3 10.
Bxd3 Be7 11. Rd1 Bd6 12. Bf5 Qxf5 13. Qxc6+ Ke7 14. Rxd6 cxd6 15. Qxa8 Qc2 16. Qxa7+ Kf8 17. Nd2 Qd1+ 18.
Nf1 Bf5 19. Bf4 Qd3 20. Ne3 g5 21. Rd1 Qe4 22. Nxf5 Qxf5 23. Bxd6+ Kg7 24. Be7 Ng4 25. Qd4+ f6 26. Qa7 Kg6 27. h3 Ne5 28. Rd6 Kh5 29.
Rxf6 Qb1+ 30. Kh2 Ng6 31. Bf8 Qe4 32. Qg7 g4 33. Qh6# 1-0

[Event "The Schackveckan 2023: Chessweek Elo-tournaments Group 2"]
[Site "Göteborgs schackcentrum, Vegagatan 20, Gothenburg, Sweden"]
[Date "2023.08.10"]
[Round "6.2"]
[White "Lindholm, Marcus"]
[Black "Gallardo, Guillermo"]
[Result "0-1"]
[TimeControl "90 minutes for 40 moves + 30 minutes for the rest of the game + 30 seconds per move from move one."]
[WhiteFideId "1743473"]
[BlackFideId "1773488"]
[WhiteElo "1708"]
[BlackElo "1644"]

1. d4 Nf6 2. c4 b6 3. Bg5 Bb7 4. Bxf6 exf6 5. Nc3 Bb4 6. Qc2 d5 7. O-O-O Bxc3 8. bxc3 O-O 9. cxd5 Qxd5 10.
f3 Nd7 11. e4 Qa5 12. Bd3 c5 13. d5 Ne5 14. f4 Nxd3+ 15. Rxd3 Rfe8 16. Rd2 b5 17. Nf3 Rad8 18. Rhd1 Qa3+ 19.
Kb1 b4 20. c4 Qe3 21. e5 Qxf4 22. e6 fxe6 23. dxe6 Rxd2 24. Rxd2 Be4 25. Rd3 Qf5 26. g4 Qxe6 27. Ne1 Kf7 28.
Kb2 Bxd3 29. Nxd3 Qe2 30. Nxc5 Qxc2+ 31. Kxc2 Rc8 32. Ne4 Rxc4+ 33. Kd3 Rc6 34. h4 Ra6 35. Kc4 Rxa2 36. Kxb4 Rg2 37.
Nd6+ Ke6 38. Nb5 Rb2+ 39. Kc5 Rxb5+ 0-1

[Event "The Schackveckan 2023: Chessweek Elo-tournaments Group 2"]
[Site "Göteborgs schackcentrum, Vegagatan 20, Gothenburg, Sweden"]
[Date "2023.08.10"]
[Round "6.3"]
[White "Pintaric, Felix"]
[Black "Green, David"]
[Result "1/2-1/2"]
[TimeControl "90 minutes for 40 moves + 30 minutes for the rest of the game + 30 seconds per move from move one."]
[WhiteFideId "1776096"]
[BlackFideId "1769332"]
[WhiteElo "1483"]
[BlackElo "1634"]

1. e4 c5 2. c3 d5 3. exd5 Qxd5 4. d4 Nc6 5. Nf3 Bg4 6. Be2 cxd4 7. cxd4 e6 8. Nc3 Bb4 9. O-O Qa5 10.
h3 Bh5 11. Be3 Nge7 12. Qb3 Nf5 13. a3 Bxc3 14. bxc3 Nxe3 15. Qxb7 O-O 16. fxe3 Qxc3 17. Kh1 Rab8 18. Qa6 Qxe3 19.
Qxc6 Qxe2 20. Qc5 Bxf3 21. Rxf3 Qa6 22. Rg3 Rb5 23.
Qe7 Rf5 24. Rb1 Rf1+ 25. Kh2 Rxb1 26. Rxg7+ Kxg7 27. Qg5+ Kh8 28. Qf6+ Kg8 29. Qg5+ Kh8 30. Qf6+ Kg8 1/2-1/2

[Event "The Schackveckan 2023: Chessweek Elo-tournaments Group 2"]
[Site "Göteborgs schackcentrum, Vegagatan 20, Gothenburg, Sweden"]
[Date "2023.08.10"]
[Round "6.6"]
[White "Brattgjerd, August Minh"]
[Black "Dahlin, Emil"]
[Result "1-0"]
[TimeControl "90 minutes for 40 moves + 30 minutes for the rest of the game + 30 seconds per move from move one."]
[WhiteFideId "1550446"]
[BlackFideId "1771035"]
[WhiteElo "1495"]
[BlackElo "1284"]

1. d4 f5 2. Bf4 Nf6 3. e3 g6 4.
Nf3 Bg7 5. Be2 O-O 6. O-O d6 7. Nbd2 Re8 8. c4 e6 9. Bg3 Nbd7 10. Rc1 e5 11. d5 h6 12. b4 g5 13. h3 f4 14.
exf4 exf4 15. Bh2 Ne5 16. Nd4 Re7 17. Re1 Qe8 18. Qc2 Qg6 19. Qxg6 Nxg6 20. Bd3 Ne5 21. Bb1 Bd7 22. Ne4 Rae8 23.
Nxf6+ Bxf6 24. Kf1 Kg7 25. Bf5 c5 26. Bxd7 Rxd7 27. Ne6+ Kf7 28. Red1 b6 29. bxc5 bxc5 30. g3 Nf3 31.
gxf4 Nxh2+ 32. Kg2 gxf4 33. Kxh2 Be5 34. Re1 f3+ 35. Kh1 Kf6 36. Re3 Rg8 37. Rxf3+ Ke7 38. Rg1 Rxg1+ 39. Kxg1 Rb7 40.
Re3 Rb1+ 41. Kg2 Rb2 42. Nxc5 Rxa2 43. Nd3 Kf6 44. Nxe5 dxe5 45. Rd3 Ke7 46. d6+ Kd7 47. c5 Rc2 48.
Rd5 e4 49. Kg3 a5 50. Re5 a4 51. Rxe4 Rxc5 52. Rxa4 Rg5+ 53. Rg4 Rf5 54. Rd4 Rg5+ 55. Kh4 Rf5 56. f4 h5 57. Kg3 Rc5 58.
Rd3 Rc6 59. f5 Rc5 60. Kf4 Rc4+ 61. Kg5 Rc5 62. Kg6 Rc8 63. Kxh5 Rf8 64. Kg6 Re8 65. Kg7 Re1 66. f6 Rg1 67.
Kf8 Rg2 68. f7 Rg1 69. Re3 Rg2 70. Re4 Rg1 71. Rg4 1-0

[Event "The Schackveckan 2023: Chessweek Elo-tournaments Group 2"]
[Site "Göteborgs schackcentrum, Vegagatan 20, Gothenburg, Sweden"]
[Date "2023.08.11"]
[Round "7.1"]
[White "Block, Benjamin"]
[Black "Pintaric, Felix"]
[Result "0-1"]
[TimeControl "90 minutes for 40 moves + 30 minutes for the rest of the game + 30 seconds per move from move one."]
[WhiteFideId "1765493"]
[BlackFideId "1776096"]
[WhiteElo "1679"]
[BlackElo "1483"]

1. e4 c5 2. Nf3 d6 3. d4 cxd4 4. Nxd4 Nf6 5. f3 e5 6. Nb3 Be7 7. c4 Be6 8. Nc3 Nbd7 9. Be3 a6 10.
Be2 Rc8 11. Nd5 O-O 12. O-O Bxd5 13. cxd5 Ne8 14. Qd2 Nc5 15. Nxc5 dxc5 16. f4 Bd6 17. Rac1 exf4 18. Bxf4 f6 19.
Bg4 Rc7 20. Be6+ Kh8 21. e5 fxe5 22. Bxe5 Nf6 23. Qe3 Qe7 24. Rce1 b5 25. Rf3 Rd8 26. Bxf6 gxf6 27. b3 Be5 28.
Kh1 Rb8 29. Rf5 Qd6 30. g4 Rg7 31. g5 Bd4 32. gxf6 Bxe3 33. fxg7+ Kxg7 34. Rxe3 Rf8 35. Rg3+ Kh6 36. Rh3+ Kg6 37.
Rxf8 Qxf8 38. Rg3+ Kh5 39. Bg4+ Kh6 40. Kg2 c4 41. bxc4 bxc4 42. Re3 Qf4 43. Rh3+ Kg7 44. Rg3 Kh8 45.
Be6 h6 46. Kh3 Qf1+ 47. Kh4 c3 48. d6 c2 49. d7 Qf6+ 50. Kh5 c1=Q 51. Rg8+ Kh7 52. h4 Qc5+ 53. Rg5 Qfxg5+ 54.
hxg5 Qxg5# 0-1

[Event "The Schackveckan 2023: Chessweek Elo-tournaments Group 2"]
[Site "Göteborgs schackcentrum, Vegagatan 20, Gothenburg, Sweden"]
[Date "2023.08.11"]
[Round "7.2"]
[White "Gallardo, Guillermo"]
[Black "Yang, Mandi"]
[Result "1/2-1/2"]
[TimeControl "90 minutes for 40 moves + 30 minutes for the rest of the game + 30 seconds per move from move one."]
[WhiteFideId "1773488"]
[BlackFideId "1774778"]
[WhiteElo "1644"]
[BlackElo "1457"]

1. Nf3 Nf6 2. e3 d5 3. b3 g6 4. Bb2 Bg7 5. g3 O-O 6. Bg2 c5 7. O-O Nc6 8. d4 Ne4 9. Nbd2 Qb6 10.
dxc5 Qxc5 11. Bxg7 Kxg7 12. Nxe4 dxe4 13. Nd2 f5 14. Qc1 Qc3 15. a3 Be6 16. Ra2 Kg8 1/2-1/2

[Event "The Schackveckan 2023: Chessweek Elo-tournaments Group 2"]
[Site "Göteborgs schackcentrum, Vegagatan 20, Gothenburg, Sweden"]
[Date "2023.08.11"]
[Round "7.4"]
[White "Green, David"]
[Black "Brattgjerd, August Minh"]
[Result "0-1"]
[TimeControl "90 minutes for 40 moves + 30 minutes for the rest of the game + 30 seconds per move from move one."]
[WhiteFideId "1769332"]
[BlackFideId "1550446"]
[WhiteElo "1634"]
[BlackElo "1495"]

1. e4 e6 2. Nf3 d5 3. Nc3 Nf6 4. e5 Nfd7 5. d4 c5 6. Bg5 Qb6 7. dxc5 Bxc5 8. Qd2 Nc6 9. Na4 Qb4 10.
Nxc5 Nxc5 11. Qxb4 Nxb4 12. Nd4 h6 13. Bd2 a5 14. a3 Nc6 15. Nb5 O-O 16. f4 f6 17. exf6 Rxf6 18. O-O-O Bd7 19.
Be3 b6 20. Be2 Ne7 21. g4 Ng6 22. Rdf1 Ne4 23. a4 Nc5 24. b3 Rc8 25. Kb2 Rcf8 26. g5 hxg5 27. fxg5 Rxf1 28. Rxf1 e5 29.
Nc7 d4 30. Bc4+ Kh7 31. Rxf8 Nxf8 32. Bf2 Bc6 33. Nd5 Bxd5 34. Bxd5 Nfe6 35. h4 e4 36. Kc1 Nf4 37. Kd1 Nxd5 38.
Bxd4 Nf4 39. Kd2 Nfe6 40. Bg1 Kg6 41. Kc3 Kf5 42. Kc4 Kg4 43. h5 Kxh5 44. Kb5 Nd7 45. Kc6 Nec5 46. c3 Ne5+ 47.
Kxb6 Nxb3 48. Kb5 Kxg5 49. c4 Nd3 0-1

[Event "The Schackveckan 2023: Chessweek Elo-tournaments Group 2"]
[Site "Göteborgs schackcentrum, Vegagatan 20, Gothenburg, Sweden"]
[Date "2023.08.11"]
[Round "7.6"]
[White "Andreasson, Emanuel"]
[Black "Dahlin, Emil"]
[Result "1/2-1/2"]
[TimeControl "90 minutes for 40 moves + 30 minutes for the rest of the game + 30 seconds per move from move one."]
[WhiteFideId "1759620"]
[BlackFideId "1771035"]
[WhiteElo "1367"]
[BlackElo "1284"]

1. e4 e5 2. Nc3 Nf6 3. f4 d5 4. fxe5 Nxe4 5. Qf3 Nc6 6. Bb5 Nxc3 7. dxc3 Qh4+ 8. g3 Qe4+ 9. Be3 Bg4 10.
Qxe4 dxe4 11. h3 Bd7 12. Bf4 O-O-O 13. O-O-O h6 14. Bxc6 Bxc6 15. Ne2 Bc5 16. Nd4 Bd5 17. Be3 Rhe8 18.
Nf5 Bxe3+ 19. Nxe3 Rxe5 20. Rd2 Be6 21. Rxd8+ Kxd8 22. h4 g5 23. g4 Ke7 24. Kd2 Kf6 25. h5 Kg7 26. Rf1 Ra5 27.
a3 Bd7 28. Ke2 f5 29. gxf5 Kf6 30. Ng4+ Kg7 31. f6+ Kf8 32. Rg1 Bxg4+ 33. Rxg4 Rf5 34. Rxe4 Rxf6 35. Ra4 a6 36. Rb4 b6 37.
Ra4 a5 38. Rd4 Ke7 39. Rd3 Rf4 1/2-1/2